 Dungeon Crawl Stone Soup version 0.17-a0-1900-g45e8110 (webtiles) character file.

27 derrpe the Vexing (level 3, -3/26 HPs)
             Began as a Formicid Arcane Marksman on Sept 24, 2015.
             Killed from afar by Natasha (8 damage)
             ... with a magic dart
             ... on level 2 of the Dungeon.
             The game lasted 00:04:09 (1906 turns).

derrpe the Vexing (Formicid Arcane Marksman)        Turns: 1906, Time: 00:04:09

Health: -3/26      AC:  2    Str: 15    XL:     3   Next: 25%
Magic:  0/4        EV: 12    Int: 13    God:
Gold:   82         SH:  0    Dex: 10    Spells: 2 memorised, 1 level left

rFire  . . .     SeeInvis +     b - +0 short sword
rCold  . . .     Clarity  .     c - +0 robe
rNeg   . . .     SustAt   .     (no shield)
rPois  .         Gourm    .     (helmet unavailable)
rElec  .         Spirit   .     (no cloak)
rCorr  .         Warding  .     (no gloves)
rMut   .         Stasis   +     (no boots)
MR     .....                    (no amulet)
Stlth  ++........               (no ring)
                                l - ring of stealth

@: very slightly contaminated, not resistant to hostile enchantments, unstealthy
A: permanent stasis, dig shafts and tunnels, four strong arms, antennae 3,
breathe flames 1
a: Dig, Shaft Self, Breathe Fire


You were on level 2 of the Dungeon.
You were not hungry.

You visited 1 branch of the dungeon, and saw 2 of its levels.

You collected 82 gold pieces.

Inventory:

Hand weapons
 a - a +0 hand crossbow
 b - a +0 short sword (weapon)
Missiles
 f - 16 poisoned needles
 h - 20 bolts
Armour
 c - a +0 robe (worn)
Jewellery
 l - a ring of stealth (left hand)
Scrolls
 i - a scroll of recharging {unknown}
 j - a scroll of enchant weapon {unknown}
 k - a scroll of magic mapping {unknown}
 p - a scroll of teleportation {unknown}
 q - a scroll of amnesia {unknown}
 r - a scroll of identify {unknown}
Potions
 m - a potion of mutation
 n - a potion of magic {unknown}
 o - 2 potions of might {unknown}
 s - a potion of curing {unknown}
Books
 d - a book of Debilitation

   Spells                             Type                      Level
   a - Corona                         Hexes                        1
   b - Slow                           Hexes                        2
   c - Gell's Gravitas                Hexes/Translocation          3
   d - Inner Flame                    Hexes/Fire                   3
   e - Cause Fear                     Hexes                        4
   f - Leda's Liquefaction            Hexes/Earth                  4
Comestibles
 e - a bread ration {@e1}
 g - a chunk of flesh {@w0}


   Skills:
 + Level 1.3 Fighting
 * Level 3.1 Crossbows
 - Level 1.7 Dodging
 - Level 1.1 Spellcasting
 + Level 3.9 Hexes


You had one spell level left.
You knew the following spells:

 Your Spells              Type           Power        Failure   Level  Hunger
a - Corona                Hex            ##.....      8%          1    ##.....
b - Slow                  Hex            ##......     10%         2    ###....


Dungeon Overview and Level Annotations

Branches:
Dungeon (2/15)

Altars:
Zin

Annotations:
D:2 Natasha


Innate Abilities, Weirdness & Mutations

You are under a permanent stasis effect.
You can dig through walls and to a lower floor.
Your four strong arms can wield two-handed weapons with a shield.
You have a pair of large antennae on your head (SInv).
You can breathe flames.


Message History

Press: ? - help, Shift-Dir - straight line, f/p - Natasha
Aim: Natasha (lightly wounded, chance to defeat MR: 46%) Natasha resists with significant effort.
Natasha claws you!
You hit Natasha.
Natasha is heavily wounded.
Natasha claws you!
* * * LOW HITPOINT WARNING * * *
Casting: Corona
Confirm with . or Enter, or press ? or * to list all spells.
Aiming: Corona
Press: ? - help, Shift-Dir - straight line, f/p - Natasha
Aim: Natasha (heavily wounded, chance to defeat MR: 46%) Natasha resists with significant effort.
Natasha barely misses you.
You hit Natasha.
Natasha is severely wounded.
Natasha stares at you and mumbles some strange words.
The magic dart hits you!
You die...

...... ...... ###
....... .!... ..#
#........ ....###.#
#........
#'#..#.####........ .
......... ..^......
..[ #h.#.# #........
.....#.@..####........
...................#
....##..#.####...#.##
### #..#.# #...#..#
#....# #...##.####
..#### #.......... ###
#.........#
##).......# #........#


You could see Natasha.

Vanquished Creatures
  A ball python (D:2)
  7 bats
  2 giant cockroaches
  3 hobgoblins
  2 jackals (D:2)
  2 kobolds
  3 giant newts (D:1)
  3 goblins
  4 rats
27 creatures vanquished.

Notes
Turn   | Place    | Note
--------------------------------------------------------------
     0 | D:1      | derrpe the Formicid Arcane Marksman began the quest for the Orb.
     0 | D:1      | Reached XP level 1. HP: 15/15 MP: 2/2
   507 | D:1      | Reached XP level 2. HP: 18/21 MP: 1/3
   516 | D:1      | Learned a level 2 spell: Slow
  1374 | D:2      | Reached XP level 3. HP: 24/26 MP: 2/4
  1421 | D:2      | Gained mutation: You are weak. (Str -2) [potion of mutation]
  1421 | D:2      | Lost mutation: You are weak. (Str -2) [potion of mutation]
  1421 | D:2      | Gained mutation: You can breathe flames. [potion of mutation]
  1846 | D:2      | Found a glowing silver altar of Zin.
  1895 | D:2      | Noticed Natasha
  1906 | D:2      | Killed from afar by Natasha

Vault maps used:
D:1:      mrwooster_arrival_arrow, serial_bayou_pond_d
D:2:      zin_scriptorium, uniq_natasha

Action                   || total
-------------------------++-------
Melee: Club              ||    33
       Unarmed           ||     3
       Short sword       ||    49
       Dagger            ||    14
 Fire: Hand crossbow     ||     6
 Cast: Corona            ||    17
       Slow              ||     4
 Abil: Breathe Fire      ||     1
  Use: Potion            ||     1
 Stab: Sleeping          ||     4
  Eat: Chunk             ||     4
